 Dungeon Crawl Stone Soup version 0.27.0-1-g7a089689b8 (webtiles) character file.

Game seed: 14037142130865748912

364 Leeroy the Slasher (level 7, 0/49 HPs)
             Began as a Djinni Warper on Aug 5, 2021.
             Slain by a lemure (6 damage)
             ... led by Pikel
             ... on level 5 of the Dungeon.
             The game lasted 00:10:23 (6458 turns).

Leeroy the Slasher (Djinni Warper)                  Turns: 6458, Time: 00:10:23

Health: 0/49       AC:  6    Str: 10    XL:     7   Next: 0%
Gold:   189        EV: 11    Int: 16    God:
                   SH:  0    Dex: 13

rFire    + + .     SeeInvis .   a - +0 falchion
rCold    . . .     Faith    .   (no shield)
rNeg     . . .     Spirit   .   b - +0 leather armour
rPois    ∞         Reflect  .   h - +1 helmet
rElec    .         Harm     .   f - +0 cloak
rCorr    .         Rampage  .   (no gloves)
Will     .....                  (boots unavailable)
Stlth    +.........             (no amulet)
HPRegen  0.16/turn              j - ring of protection from cold
MPRegen  0.00/turn              (no ring)

@: flying
A: sickness immunity, fire resistance 2, cold vulnerability 1, float, innate
caster, hp casting, extra vitality 1
a: no special abilities


You were on level 5 of the Dungeon.
You visited 2 branches of the dungeon, and saw 7 of its levels.

You collected 189 gold pieces.

Inventory:

Hand Weapons
 a - a +0 falchion (weapon)
 q - a +0 dagger of draining
 w - a +1 hand axe of venom
 B - a +2 morningstar of protection
Missiles
 d - 5 boomerangs of dispersal (quivered)
 o - 2 datura-tipped darts
 p - 4 curare-tipped darts
 r - a throwing net
 E - 2 boomerangs
Armour
 b - a +0 leather armour (worn)
 f - a +0 cloak (worn)
 h - a +1 helmet (worn)
 m - a +0 plate armour
Magical Staves
 n - a staff of poison
Jewellery
 j - a ring of protection from cold (left hand)
Wands
 A - a wand of paralysis (8)
 C - a wand of acid (8)
Scrolls
 c - a scroll of blinking
 e - 2 scrolls of fear
 i - a scroll of fog {unknown}
 k - 2 scrolls of teleportation {unknown}
 s - 3 scrolls of identify {unknown}
 t - 3 scrolls of vulnerability {unknown}
 v - a scroll of enchant armour {unknown}
 x - a scroll of immolation {unknown}
 y - a scroll of noise {unknown}
 D - a scroll of magic mapping {unknown}
Potions
 g - 2 potions of curing {unknown}
 l - a potion of cancellation {unknown}
 u - 2 potions of heal wounds {unknown}
 z - a potion of brilliance {unknown}
 F - a potion of lignification {unknown}


   Skills:
 - Level 2.0 Fighting
 + Level 5.9 Long Blades
 - Level 0.7 Throwing
 - Level 1.0 Armour
 - Level 2.1 Dodging
 - Level 3.0 Spellcasting


You couldn't memorise any spells.
You knew the following spells:

 Your Spells              Type           Power      Damage    Failure   Level
a - Blink                 Tloc           N/A        N/A       11%         2
b - Lesser Beckoning      Tloc           6%         N/A       22%         3
c - Gell's Gravitas       Tloc           6%         N/A       22%         3
d - Teleport Other        Tloc           12%        N/A       22%         3
e - Manifold Assault      Tloc           12%        N/A       90%         5
f - Sting                 Tmut/Pois      48%        1d5       8%          1
g - Passwall              Tmut/Erth      10%        N/A       11%         2
h - Stone Arrow           Conj/Erth      24%        3d8       22%         3
Your spell library was empty.

Dungeon Overview and Level Annotations

Branches:
Dungeon (6/15)             Temple (1/1) D:5

Altars:
Ashenzari
Cheibriados
Dithmenos
Elyvilon
Fedhas
Gozag
Hepliaklqana
Okawaru
Qazlal
Ru
Sif Muna
Trog
Uskayaw
Vehumet
Wu Jian
Yredelemnul
The Shining One

Annotations:
D:4 2 runed translucent doors
D:5 Pikel


Innate Abilities, Weirdness & Mutations

You are immune to sickness and miasma.
You are immune to poison.
Your flesh is very heat resistant. (rF++)
You are vulnerable to cold. (rC-)
You float through the air rather than walking.
You learn spells naturally, not from books.
Your magical power is your life essence.
You have superior vitality. (+4 HP)


Message History

That beam is likely to hit you.
Continue anyway? [Y]es or [N]o only, please.
That beam is likely to hit you.
Continue anyway?
Okay, then.
Casting: Sting (safe; 8% risk of failure)
Confirm with . or Enter, or press ? or * to list all spells.
Aiming: Sting (safe; 8% risk of failure)
Press: ? - help, Shift-Dir - straight line The sting hits something.
* * * LOW HITPOINT WARNING * * *
Something hits you.
* * * LOW HITPOINT WARNING * * *
Something hits you but does no damage.
A magic dart appears from out of thin air!
The magic dart hits you.
* * * LOW HITPOINT WARNING * * *
A puff of flame appears from out of thin air!
The puff of flame misses you.
There is a stone staircase leading down here.
You fly downwards.
Reactivating autopickup.
There is a stone staircase leading up here.
You start resting.
Something unseen opens the door.
You start resting.
Pikel the Slaver comes into view.
He is wielding a +0 whip of electrocution and carrying a wand of flame (19).
Okay, then.
Casting: Sting (safe; 8% risk of failure)
Confirm with . or Enter, or press ? or * to list all spells.
You blink.
Pikel shouts!
The lemure shouts!
* * * LOW HITPOINT WARNING * * *
A lemure comes into view.
There is a fountain of sparkling water here.
As you read the scroll labelled RAC LUWNIY, it crumbles to dust.
You assume a fearsome visage.
Pikel looks frightened!
The lemure is unaffected. x2
It was a scroll of fear.
Pikel wails, "Oh dear!
Oh dear!"
You reach down and open the door.
The lemure hits you.
You die...

####+#### .
#.......# #.
#.⌠...⌠.# #
#..#...5...#.#
#..5...⌠.5@'.#
#.##.......###
#.⌠...⌠.# #..K....#
.#.#####'####
#.#............#####
#.##.$#.#.##<.......
#.# ..#.#.####.#####
#.###.#.#.####.##


You could see Pikel (fleeing) and 3 lemures.

Vanquished Creatures
  A lemure (D:6)
  A bullfrog zombie (D:5)
  A hound (D:5)
  An orc priest (D:4)
  A gnoll shaman (D:3)
  An orc wizard (D:5)
  A hound zombie (D:5)
  4 gnolls
  4 adders
  A white imp (D:6)
  An adder skeleton (D:4)
  2 worms (D:2)
  3 dart slugs
  15 orcs
  9 bats
  6 endoplasms
  3 giant cockroaches
  8 goblins
  8 hobgoblins
  4 jackals (D:1)
  A kobold (D:1)
  2 quokkas (D:3)
  8 ball pythons
  6 frilled lizards
  3 rats
95 creatures vanquished.

Vanquished Creatures (others)
  6 plants
6 creatures vanquished.

Grand Total: 101 creatures vanquished

Notes
Turn   | Place    | Note
-------+----------+-------------------------------------------
     0 | D:1      | Leeroy the Djinni Warper began the quest for the Orb.
     0 | D:1      | Reached XP level 1. HP: 18/18 MP: 0/0
   175 | D:1      | Reached skill level 2 in Long Blades
   285 | D:1      | Reached XP level 2. HP: 15/23 MP: 0/0
  1042 | D:1      | Reached skill level 3 in Long Blades
  1042 | D:1      | Reached XP level 3. HP: 28/28 MP: 0/0
  1042 | D:1      | Learned a level 1 spell: Sting
  1950 | D:2      | Reached XP level 4. HP: 33/33 MP: 0/0
  2263 | D:2      | Reached skill level 4 in Long Blades
  2748 | D:3      | Reached XP level 5. HP: 33/38 MP: 0/0
  2748 | D:3      | Learned a level 2 spell: Passwall
  3976 | D:4      | Noticed a black bear
  3993 | D:4      | Reached XP level 6. HP: 17/43 MP: 0/0
  4320 | D:4      | Found a large runed translucent door.
  4320 | D:4      | Found a large runed translucent door.
  4337 | D:5      | Entered Level 5 of the Dungeon
  4652 | D:5      | Found a staircase to the Ecumenical Temple.
  4661 | Temple   | Entered the Ecumenical Temple
  4974 | D:5      | Reached skill level 5 in Long Blades
  5594 | D:5      | Found an ornate altar of the Wu Jian Council.
  5654 | D:5      | Noticed an ice beast
  6044 | D:6      | Noticed a black bear
  6044 | D:6      | Noticed a water moccasin
  6087 | D:4      | HP: 2/43 [orc (4)]
  6418 | D:4      | Reached XP level 7. HP: 30/49 MP: 0/0
  6418 | D:4      | Learned a level 3 spell: Stone Arrow
  6449 | D:5      | Noticed Pikel
  6458 | D:5      | Slain by a lemure

Illustrated notes

Levels and vault maps discovered:
D:1:      dpeg_arrival_boxorama, layout_basic, serial_glass, glass_columns_a,
          glass_columns_c, due_unseen_surprise, minmay_strange_pillars,
          item_on_display_a, minmay_strange_pillars
D:2:      layout_basic, corexii_hall_statues_l, minivault_11
D:3:      layout_basic, minmay_misc_feat_diagonals, guppyfry_early_lair_pool
D:4:      layout_cave_pools, jmf_multi_god_temple2, gammafunk_ghost_necromancy,
          uniq_blork_the_orc
D:5:      layout_basic, nicolae_overflow_crystal_walls,
          minmay_temple_entry_grid, minmay_fountain_box, chequers_big_river,
          uniq_pikel
D:6:      layout_rooms, kennysheep_donut, grunt_ministairs_1
Temple:   eino_temple_scatter_basement

Skill      XL: |  1  2  3  4  5  6 |
---------------+-------------------+-----
Long Blades    | 2 3 4 5 |  5.9
Spellcasting   | 3 |  3.0
Fighting       | |  2.0
Throwing       | |  0.7
Armour         | |  1.0
Dodging        | |  2.1

Action                   |  1- 3 |  4- 6 |  7- 9 || total
-------------------------+-------+-------+-------++-------
Melee: Falchion          |    94 |   304 |    10 ||   408
 Cast: Sting             |     1 |    32 |     1 ||    34
       Blink             |       |     4 |     1 ||     5
  Use: Scroll            |       |     2 |     1 ||     3
Armor: Leather armour    |    28 |   122 |     3 ||   153
Dodge: Dodged            |    53 |   192 |     1 ||   246
       Rpst.: Falchion   |    20 |    65 |       ||    85
